 Dungeon Crawl Stone Soup version bcrawl-1.28 (webtiles) character file.

Game seed: 8776368416838186512

231610 LostNumber the Ducker (level 8, -6/55 HPs)
             Began as a Fairy Fighter on Nov 26, 2020.
             Was a Believer of Okawaru.
             Mangled by a bullfrog (8 damage)
             ... on level 6 of the Dungeon.
             The game lasted 00:10:18 (5577 turns).

LostNumber the Ducker (Fairy Fighter)               Turns: 5577, Time: 00:10:19

Health: -6/55      AC:  7    Str: 14    XL:     8   Next: 74%
Magic:  12/12      EV: 15    Int: 19    God:    Okawaru [**....]
Gold:   246        SH: 16    Dex: 13    Spells: 7/7 levels left

rFire    . . .     SeeInvis .   a - +0 rapier
rCold    . . .     Gourm    .   b - +0 medium shield
rNeg     . . .     Faith    .   (armour unavailable)
rPois    .         Spirit   .   (no helmet)
rElec    .         Reflect  .   k - +0 cloak
rCorr    .         Harm     .   (no gloves)
MR       +....                  g - +0 pair of boots
Stlth    ..........             (no amulet)
HPRegen  0.18/turn              d - +6 ring of intelligence
MPRegen  0.13/turn              l - ring of protection from magic

@: flying evasively
A: small, magic attunement, unstealthy, unfitting armour, able to fly, AC/SH +5
a: Stop Flying, Heroism, Renounce Religion


You were on level 6 of the Dungeon.
You worshipped Okawaru.
Okawaru was pleased with you.
You were hungry.

You visited 1 branch of the dungeon, and saw 6 of its levels.

You collected 246 gold pieces.

Inventory:

Hand Weapons
 a - a +0 rapier (weapon)
 t - a +2 dagger of holy wrath
   (You took it off an orc on level 3 of the Dungeon)
 y - a +0 falchion
   (You took it off an orc on level 5 of the Dungeon)
Armour
 b - a +0 medium shield (worn)
 g - a +0 pair of boots (worn)
   (You found it on level 1 of the Dungeon)
 k - a +0 cloak (worn)
   (You found it on level 1 of the Dungeon)
 r - a -1 cloak
   (You found it on level 2 of the Dungeon)
Jewellery
 d - a +6 ring of intelligence (left hand)
   (You found it on level 5 of the Dungeon)
 l - a ring of protection from magic (right hand)
   (You found it on level 1 of the Dungeon)
Scrolls
 f - 5 scrolls of identify {@r1}
 m - a scroll of blinking {unknown}
 p - a scroll of remove curse {@r2}
 q - 2 scrolls of immolation {!r}
 s - 2 scrolls of fog {unknown}
 v - 3 scrolls of teleportation {@r4}
 w - a scroll of amnesia {unknown}
 x - a scroll of enchant weapon {unknown}
 C - a scroll of magic mapping {unknown}
Potions
 c - 2 potions of might
 h - a potion of haste {unknown}
 j - a potion of degeneration {unknown}
 n - a potion of mutation {unknown}
 o - a potion of brilliance
 z - a potion of flight {unknown}
 B - a potion of resistance
Comestibles
 e - 10 rations {!d!d}
 i - 2 chunks of flesh


   Skills:
 + Level 5.0 Fighting
 - Level 3.8(4.7) Short Blades
 * Level 3.5(4.1) Long Blades
 + Level 7.3 Dodging
 + Level 6.6 Shields
 + Level 3.1 Invocations


You had 7 spell levels left.
You didn't know any spells.
Your spell library contained the following spells:

 Spells                   Type           Power        Failure   Level  Hunger
 Apportation              Tloc           #.....       99%         1    None
 Infusion                 Chrm           #.......     99%         1    None
 Sandblast                Erth           #.....       99%         1    None
 Slow                     Hex            #.......     99%         1    None
 Summon Butterflies       Summ           #.......     99%         1    None


Dungeon Overview and Level Annotations

Branches:
Dungeon (6/12)             Temple (0/1) D:5

Altars:
Ashenzari
Cheibriados
Fedhas
Makhleb
Okawaru
Qazlal
Sif Muna

Annotations:
D:2 exclusion: oklob plant
D:4 Sigmund


Innate Abilities, Weirdness & Mutations

Your spells do not cause hunger and MP costs are reduced by 1.
Your bright wings attract enemies. (Stealth-)
You cannot fit into any form of body armour.
Your shimmering scales are hard and can block incoming attacks. (AC +5, SH +5)
You are small and have problems with some larger weapons.
You can fly continuously.


Message History

You hear a splash. x2
Your Fighting skill increases to level 5!
Your Invocations skill increases to level 3!
The bullfrog appears out of thin air!
A bullfrog comes into view.
The centaur shoots an arrow.
The arrow barely misses you.
The centaur shoots an arrow.
The arrow barely misses you.
Unknown command.
The bullfrog gives a loud, deep croak!
The centaur shoots an arrow.
You block the arrow.
Things that are here:
a +0 shortbow; 133 arrows The centaur unwields a +0 shortbow.
The centaur closely misses you.
Unknown command.
Your shield prevents you from hitting the centaur.
The bullfrog barely misses you. You block the centaur's attack.
You block the bullfrog's attack. The centaur hits you.
* * * LOW HITPOINT WARNING * * *
You barely miss the centaur. You block the bullfrog's attack.
The centaur hits you.
* * * LOW HITPOINT WARNING * * *
The bullfrog completely misses you.
You closely miss the centaur. You block the centaur's attack. x2
The bullfrog misses you.
You puncture the centaur! You block the centaur's attack.
The bullfrog barely misses you. The centaur barely misses you.
The bullfrog hits you!
* * * LOW HITPOINT WARNING * * *
You closely miss the centaur. You block the centaur's attack.
The bullfrog barely misses you.
The centaur hits you but does no damage.
The bullfrog closely misses you.
You closely miss the centaur.
The centaur hits you but does no damage.
The bullfrog barely misses you.
You hit the centaur. You block the centaur's attack.
You block the bullfrog's attack. The centaur misses you. The bullfrog hits you.
* * * LOW HITPOINT WARNING * * *
You hit the centaur. The centaur closely misses you. The bullfrog hits you.
* * * LOW HITPOINT WARNING * * *
The centaur barely misses you. The bullfrog completely misses you.
You hit the centaur.
You kill the centaur!
Okawaru accepts your kill.
You hear a splash. x2
The bullfrog hits you!
* * * LOW HITPOINT WARNING * * *
You closely miss the bullfrog. You block the bullfrog's attack. x2
You puncture the bullfrog! The bullfrog hits you!
You die...

#...##.....)..............# .
##..#####..###.............####
.##...# #..## #.............##..
..#...# #.## #..[.............
.....## #...#####........##......
........≈≈≈≈≈≈≈≈≈≈≈≈≈...###......
......##≈≈≈≈≈≈≈≈≈≈≈≈≈...###......
......##≈≈≈≈≈≈≈≈≈≈≈≈≈...##.....##
..###.# ≈≈≈≈≈≈≈@)≈≈≈...##..####
.# ^# ≈≈≈≈≈≈)≈F≈≈≈......## . ..
≈≈≈≈...≈≈≈≈≈.....## . ...
≈≈≈≈...≈≈≈≈≈....##
≈≈≈≈...≈≈≈≈≈....#
≈≈≈≈≈≈≈≈≈≈≈≈....#
≈≈≈≈≈≈≈≈≈≈≈≈...##
≈≈≈≈≈≈≈≈≈≈≈≈...# ≈≈≈≈≈≈..##


You could see a bullfrog.

Vanquished Creatures
  2 ogres
  A phantom (D:6)
  4 centaurs (D:6)
  A big kobold (D:6)
  A scorpion (D:6)
  A killer bee (D:5)
  A howler monkey (D:4)
  4 crimson imps
  An orc priest (D:5)
  3 hounds
  3 orc wizards (D:5)
  An iguana (D:6)
  3 worker ants
  2 worker ant zombies (D:5)
  A howler monkey skeleton (D:5)
  6 adders
  A shadow imp (D:6)
  An ooze (D:3)
  4 worms
  3 dart slugs
  5 leopard geckos
  23 orcs
  A ball python (D:4)
  6 giant cockroaches
  5 goblins
  5 hobgoblins
  15 jackals
  A quokka (D:4)
  4 bats
  A frilled lizard (D:1)
  A jackal zombie (D:5)
  14 kobolds
  3 rats
128 creatures vanquished.

Vanquished Creatures (others)
  A kobold (D:6)
1 creature vanquished.

Grand Total: 129 creatures vanquished

Notes
Turn   | Place    | Note
-------+----------+-------------------------------------------
     0 | D:1      | LostNumber the Fairy Fighter began the quest for the Orb.
     0 | D:1      | Reached XP level 1. HP: 15/15 MP: 3/3
   170 | D:1      | Reached XP level 2. HP: 20/20 MP: 4/4
   570 | D:1      | Reached XP level 3. HP: 26/26 MP: 5/5
  1249 | D:2      | Found a blossoming altar of Fedhas.
  1258 | D:2      | Noticed an oklob plant
  1509 | D:3      | Reached XP level 4. HP: 27/31 MP: 6/6
  1821 | D:3      | Found a snail-covered altar of Cheibriados.
  2102 | D:4      | Reached skill level 5 in Dodging
  2314 | D:3      | Reached XP level 5. HP: 15/36 MP: 7/7
  2617 | D:4      | Noticed an ogre
  2624 | D:4      | Killed an ogre
  2624 | D:4      | Reached skill level 5 in Shields
  2624 | D:4      | Reached XP level 6. HP: 32/43 MP: 8/8
  2746 | D:4      | Found a stormy altar of Qazlal.
  2746 | D:4      | Found a shimmering blue altar of Sif Muna.
  2791 | D:4      | Found an iron altar of Okawaru.
  2844 | D:4      | Became a worshipper of Warmaster Okawaru
  3319 | D:4      | Noticed Sigmund
  3329 | D:5      | Entered Level 5 of the Dungeon
  3389 | D:5      | Reached skill level 1 in Invocations
  3608 | D:5      | Reached skill level 6 in Dodging
  3608 | D:5      | Reached XP level 7. HP: 32/48 MP: 9/9
  3689 | D:5      | Found a staircase to the Ecumenical Temple.
  3700 | D:5      | Found a shattered altar of Ashenzari.
  3700 | D:5      | Found a burning altar of Makhleb.
  3812 | D:5      | Reached skill level 1 in Long Blades
  4267 | D:5      | Reached * piety under Okawaru
  4271 | D:5      | Found a shattered altar of Ashenzari.
  4974 | D:6      | Reached XP level 8. HP: 11/54 MP: 8/11
  5288 | D:6      | Reached skill level 7 in Dodging
  5564 | D:6      | Reached ** piety under Okawaru
  5564 | D:6      | Reached skill level 5 in Fighting
  5575 | D:6      | HP: 1/55 [bullfrog (10)]
  5577 | D:6      | Mangled by a bullfrog

Skill      XL: |  1  2  3  4  5  6  7  8 |
---------------+-------------------------+-----
Shields        | 4 5 6 |  6.6
Fighting       | 3 4 5 |  5.0
Dodging        | 5 6 7 |  7.3
Short Blades   | 3 |  3.8
Invocations    | 1 2 3 |  3.1
Long Blades    | 2 3 |  3.5

Action                   |  1- 3 |  4- 6 |  7- 9 || total
-------------------------+-------+-------+-------++-------
Melee: Rapier            |   164 |   278 |   373 ||   815
Invok: Heroism           |       |       |     2 ||     2
  Use: Scroll            |       |       |     3 ||     3
       Potion            |       |       |     3 ||     3
  Eat: Chunk             |     7 |    15 |    14 ||    36
       Ration            |       |       |     1 ||     1
Armor: Skin              |    43 |    38 |    63 ||   144
Dodge: Dodged            |    64 |    77 |   185 ||   326
Block: Medium shield     |   131 |   176 |   356 ||   663
